 Dungeon Crawl Stone Soup version 0.23.2-40-g277498a (webtiles) character file.

Game seed: 459522450444133670

487 theonebran the Charlatan (level 6, -1/48 HPs)
             Began as a Draconian Artificer on Sept 22, 2019.
             Was a Follower of Qazlal.
             Succumbed to a scorpion's poison
             ... on level 4 of the Dungeon on Sept 23, 2019.
             The game lasted 00:39:26 (3568 turns).

theonebran the Charlatan (Draconian Artificer)      Turns: 3568, Time: 00:39:27

Health: -1/48      AC:  7    Str: 16    XL:     6   Next: 89%
Magic:  9/9        EV: 28    Int: 14    God:    Qazlal [*.....]
Gold:   70         SH:  1    Dex: 11    Spells: 5/5 levels left

rFire    . . .     SeeInvis +   a - +0 short sword
rCold    . . .     Gourm    .   (no shield)
rNeg     . . .     Faith    .   (armour unavailable)
rPois    .         Spirit   .   (helmet restricted)
rElec    .         Reflect  .   j - +0 cloak
rCorr    .         Harm     .   (no gloves)
MR       .....                  (no boots)
Stlth    ++........             h - amulet of the acrobat
HPRegen  0.16/turn              e - +2 ring of strength
MPRegen  0.11/turn              l - ring of see invisible

@: lethally poisoned (-1 -> -23), acrobat
A: unfitting armour, cold-blooded, AC +6
a: Renounce Religion


You were on level 4 of the Dungeon.
You worshipped Qazlal.
Qazlal was aware of your devotion.
You were not hungry.

You visited 1 branch of the dungeon, and saw 4 of its levels.

You collected 70 gold pieces.

Inventory:

Hand Weapons
 a - a +0 short sword (weapon)
 g - a +0 flail
Armour
 j - a +0 cloak (worn)
Jewellery
 e - a +2 ring of strength (left hand)
 h - an amulet of the acrobat (around neck)
 l - a ring of see invisible (right hand)
Wands
 b - a wand of flame (8)
 c - a wand of enslavement (5)
 d - a wand of random effects (26)
 m - a wand of iceblast (8)
 p - a wand of digging (2)
Scrolls
 i - a scroll of enchant weapon
 k - 2 scrolls of immolation
 n - a scroll of remove curse
 o - 4 scrolls of identify
Comestibles
 f - 3 rations


   Skills:
 + Level 2.3 Fighting
 + Level 4.3 Short Blades
 + Level 3.1 Dodging
 + Level 2.9 Stealth
 + Level 4.4 Evocations


You had 5 spell levels left.
You didn't know any spells.
Your spell library was empty.

Dungeon Overview and Level Annotations

Branches:
Dungeon (4/15)
 Temple: D:4-7

Altars:
Cheibriados
Gozag
Hepliaklqana
Nemelex Xobeh
Qazlal
Trog


Innate Abilities, Weirdness & Mutations

Your plain brown scales are hard. (AC +6)
You cannot fit into any form of body armour.
You are cold-blooded and may be slowed by cold attacks.


Message History

You hit the scorpion.
You kill the scorpion!
Qazlal accepts your kill.
You feel very sick.
You aren't carrying any potions.
* * * LOW HITPOINT WARNING * * *
You feel very sick.
You see here a scorpion corpse.
* * * LOW HITPOINT WARNING * * *
You feel very sick.
* * * LOW HITPOINT WARNING * * *
You feel sick.
* * * LOW HITPOINT WARNING * * *
You feel sick.
Found a stone staircase leading down.
* * * LOW HITPOINT WARNING * * *
You feel very sick.
* * * LOW HITPOINT WARNING * * *
You feel sick.
You die...

# # >#. #.# #.#
#.# #.# #@#
#.### #...#
###.# #.#
#.#####†#######
#.............#
#..####.#####.#
#.# #.#


There were no monsters in sight!

Vanquished Creatures
  Grinder (D:3)
  A scorpion (D:4)
  A hound (D:4)
  Ijyb (D:3)
  Jessica (D:3)
  Robin (D:3)
  A gnoll (D:2)
  4 adders
  An ooze (D:2)
  A worm (D:2)
  3 dart slugs
  2 leopard geckos
  12 bats
  4 giant cockroaches
  10 goblins
  11 hobgoblins
  9 jackals
  10 kobolds
  A quokka (D:2)
  A ball python (D:2)
  5 frilled lizards
  15 rats
96 creatures vanquished.

Vanquished Creatures (collateral kills)
  A gnoll (D:2)
  2 goblins
  A bat (D:3)
  A kobold (D:1)
  A rat (D:1)
6 creatures vanquished.

Vanquished Creatures (others)
  A gnoll (D:2)
  A goblin (D:3)
  3 hobgoblins
5 creatures vanquished.

Grand Total: 107 creatures vanquished

Notes
Turn   | Place    | Note
-------+----------+-------------------------------------------
     0 | D:1      | theonebran the Draconian Artificer began the quest for the
                  | Orb.
     0 | D:1      | Reached XP level 1. HP: 16/16 MP: 3/3
    50 | D:1      | Reached XP level 2. HP: 22/23 MP: 4/4
   259 | D:1      | Reached XP level 3. HP: 22/28 MP: 5/5
   953 | D:1      | Reached skill level 1 in Stealth
  1102 | D:2      | Found a bloodstained altar of Trog.
  1113 | D:2      | Found a snail-covered altar of Cheibriados.
  1158 | D:2      | Reached XP level 4. HP: 18/35 MP: 7/7
  1501 | D:2      | Found a sparkling altar of Nemelex Xobeh.
  1641 | D:2      | Found a hazy altar of Hepliaklqana.
  2165 | D:3      | Found a stormy altar of Qazlal.
  2165 | D:3      | Noticed Jessica
  2173 | D:3      | Became a worshipper of Qazlal Stormbringer
  2230 | D:3      | Killed Jessica
  2230 | D:3      | Reached XP level 5. HP: 25/40 MP: 8/8
  2383 | D:3      | Noticed Ijyb
  2447 | D:3      | Killed Ijyb
  2949 | D:3      | Noticed Robin
  2972 | D:3      | Killed Robin
  2981 | D:3      | Found an opulent altar of Gozag.
  3108 | D:3      | Reached * piety under Qazlal
  3301 | D:3      | Noticed Grinder
  3310 | D:3      | Killed Grinder
  3310 | D:3      | Reached XP level 6. HP: 48/48 MP: 9/9
  3566 | D:4      | HP: 2/48 [poisoned by a scorpion]
  3568 | D:4      | Succumbed to a scorpion's poison

Skill      XL: |  1  2  3  4  5 |
---------------+----------------+-----
Dodging        | 2 3 |  3.1
Evocations     | 4 |  4.4
Stealth        | 1 2 |  2.9
Short Blades   | 2 4 |  4.3
Fighting       | 2 |  2.3

Action                   |  1- 3 |  4- 6 || total
-------------------------+-------+-------++-------
Melee: Short sword       |   158 |   211 ||   369
       Tailslap          |     9 |    22 ||    31
Evoke: Wand              |     9 |    14 ||    23
  Use: Scroll            |     1 |     6 ||     7
       Potion            |     1 |     2 ||     3
 Stab: Sleeping          |     2 |     2 ||     4
       Paralysed         |       |     5 ||     5
  Eat: Ration            |       |     2 ||     2
       Chunk             |       |     2 ||     2
Armor: Skin              |    63 |    62 ||   125
Dodge: Dodged            |    85 |   120 ||   205
Block: Other             |       |     1 ||     1
